 Dungeon Crawl Stone Soup version 0.32-a0-938-g40ac7a0 (webtiles) character file.

Game seed: 10042818531323298438

1938 LifeFF the Cleaver (level 9, -11/69 HPs)
             Began as a Formicid Fighter on Apr 21, 2024.
             Was a Priest of Okawaru.
             Mangled by a wyvern (12 damage)
             ... on level 7 of the Dungeon.
             The game lasted 00:03:37 (2414 turns).

LifeFF the Cleaver (Formicid Fighter)               Turns: 2414, Time: 00:03:37

Health: -11/69     AC: 11    Str: 20    XL:     9   Next: 40%
Magic:  12/12      EV:  7    Int:  9    God:    Okawaru [***...]
Gold:   1216       SH:  6    Dex: 17    Spells: 8/8 levels left

rFire   . . .        l - +5 battleaxe (freeze)
rCold   . . .        c - +1 buckler
rNeg    . . .        r - +0 chain mail
rPois   +            (helmet unavailable)
rElec   .            d - +0 cloak
rCorr   .            (no gloves)
SInv    +            (no boots)
Will    .....        (no amulet) Stlth
                     g - ring of poison resistance
HPRegen 0.31/turn    (no ring)
MPRegen 0.13/turn

%: no passive effects
@: no status effects
A: permanent stasis, dig shafts and tunnels, antennae 3, four strong arms
a: Dig, Shaft Self, Renounce Religion, Heroism


You were on level 7 of the Dungeon.
You worshipped Okawaru.
Okawaru was most pleased with you.
You visited 2 branches of the dungeon, and saw 8 of its levels.

You collected 1216 gold pieces.

Inventory:

Hand Weapons
 l - a +5 battleaxe of freezing (weapon)
Missiles
 o - 2 throwing nets
Armour
 c - a +1 buckler (worn)
 d - a +0 cloak (worn)
 r - a +0 chain mail (worn)
Jewellery
 g - a ring of poison resistance (left hand)
Wands
 b - a wand of charming (17)
Scrolls
 e - a scroll of teleportation {unknown}
 h - a scroll of fear
 k - a scroll of enchant armour
Potions
 a - 2 potions of might
 f - 2 potions of mutation
 i - a potion of enlightenment
 j - 7 potions of curing {unknown}
 m - a potion of invisibility {unknown}
 n - 2 potions of cancellation {unknown}
 p - a potion of degeneration {unknown}


   Skills:
 + Level 6.2 Fighting
 * Level 8.1 Axes
 + Level 6.3 Armour
 - Level 5.2 Shields
 + Level 5.1 Invocations


You had 8 spell levels left.
You didn't know any spells.
Your spell library was empty.

Dungeon Overview and Level Annotations

Branches:
Dungeon (7/15)             Temple (1/1) D:5

Altars:
Ashenzari
Cheibriados
Dithmenos
Elyvilon
Fedhas
Gozag
Hepliaklqana
Kikubaaqudgha
Makhleb
Nemelex Xobeh
Okawaru
Qazlal
Ru
Sif Muna
Trog
Uskayaw
Vehumet
Wu Jian
Xom
Zin
The Shining One


Innate Abilities, Weirdness & Mutations

You cannot be hasted, slowed, berserked, paralysed or teleported.
You can dig through walls and to a lower floor.
You have a pair of large antennae on your head. (SInv)
Your four strong arms can wield two-handed weapons with a shield.


Message History

The wyvern closely misses you.
You take 7 damage, and have 41/69 hp.
You slice the iguana!!
The iguana seems to slow down.
You freeze the iguana.
You kill the iguana!
Okawaru accepts your kill.
You barely miss the wyvern. The wyvern bites you!
You take 6 damage, and have 35/69 hp.
You barely miss the wyvern.
The wyvern is heavily wounded.
You completely miss the ogre. The wyvern bites you!
You block the ogre's attack.
The wyvern bites you but does no damage.
You take 12 damage, and have 23/69 hp.
You barely miss the wyvern.
The wyvern is heavily wounded.
You slash the ogre! You freeze the ogre. You block the wyvern's attack.
The ogre hits you with a +0 giant club!
* * * LOW HITPOINT WARNING * * *
You take 12 damage, and have 11/69 hp.
You are too injured to fight recklessly!
You are too injured to fight recklessly!
You are too injured to fight recklessly!
You slash the ogre! You freeze the ogre.
You kill the ogre!
Okawaru accepts your kill.
You closely miss the wyvern. You block the wyvern's attack.
An iguana comes into view.
The wyvern bites you!
* * * LOW HITPOINT WARNING * * *
You take 10 damage, and have 1/69 hp.
Unknown command.
You slash the wyvern! You freeze the wyvern.
The wyvern is almost dead.
You feel like a meek peon again.
The wyvern bites you but does no damage.
Unknown command.
You closely miss the wyvern.
The wyvern is almost dead.
You block the wyvern's attack. The wyvern bites you!
You die...

##.♣♣♣..# § #..≈≈≈.♣#
§♣♣♣♣♣♣♣♣♣♣♣.♣.♣.≈♣
≈≈≈≈≈.≈≈.≈≈≈......≈
♣♣♣................
♣....♣...≈..♣..≈≈..
♣.......≈♣≈....♣♣♣.
♣.#....§.≈♣#....≈≈.
♣.@..§.§..#♣#......
♣)k.≈♣≈.§§.#♣..♣♣..
,♣..†♣♣♣♣§P§♣♣♣♣♣♣♣♣♣
♣.....♣# #####
..≈.≈., ..≈≈≈≈l
....... ...)(?. ....


You could see a wyvern and an iguana.

Vanquished Creatures
  A steam dragon (D:7)
  2 water moccasins (D:7)
  A sky beast (D:6)
  A black bear (D:5)
  2 ice beasts (D:6)
  A crocodile (D:7)
  2 ogres
  A phantom (D:6)
  2 bullfrogs
  A scorpion (D:5)
  3 wights (D:6)
  A howler monkey (D:6)
  2 bombardier beetles
  A hound (D:5)
  A jelly (D:7)
  2 orc priests (D:5)
  A gnoll bouda (D:7)
  3 iguanas
  4 sleepcaps
  3 gnolls (D:7)
  7 adders
  2 ufetubi (D:6)
  2 dart slugs (D:2)
  A ribbon worm (D:3)
  6 orcs
  3 endoplasms
  A giant cockroach (D:1)
  2 goblins (D:1)
  2 hobgoblins
  8 jackals
  5 kobolds
  4 quokkas
  3 ball pythons
  6 bats
  A frilled lizard (D:3)
  4 rats (D:1)
92 creatures vanquished.

Notes
Turn   | Place    | Note
-------+----------+-------------------------------------------
     0 | D:1      | LifeFF the Formicid Fighter began the quest for the Orb.
     0 | D:1      | Reached XP level 1. HP: 18/18 MP: 1/1
   104 | D:1      | Reached XP level 2. HP: 24/24 MP: 2/2
   404 | D:2      | Reached XP level 3. HP: 29/29 MP: 3/3
   570 | D:2      | Reached skill level 3 in Axes
   798 | D:3      | Reached XP level 4. HP: 26/35 MP: 4/4
  1058 | D:3      | Reached skill level 5 in Shields
  1191 | D:4      | Reached skill level 4 in Axes
  1295 | D:4      | Reached XP level 5. HP: 41/41 MP: 5/5
  1420 | D:5      | Entered Level 5 of the Dungeon
  1422 | D:5      | Identified a scroll of acquirement
  1422 | D:5      | Acquired 963 gold pieces
  1452 | D:5      | Reached XP level 6. HP: 48/48 MP: 6/6
  1494 | D:5      | Found a staircase to the Ecumenical Temple.
  1507 | D:5      | Reached skill level 5 in Axes
  1511 | Temple   | Entered the Ecumenical Temple
  1518 | Temple   | Became a worshipper of Warmaster Okawaru
  1614 | D:5      | Reached skill level 1 in Invocations
  1665 | D:5      | Noticed a black bear
  1665 | D:5      | Noticed an ogre
  1671 | D:5      | Killed a black bear
  1672 | D:5      | Reached XP level 7. HP: 54/54 MP: 6/8
  1675 | D:5      | Reached * piety under Okawaru
  1768 | D:6      | Reached skill level 6 in Axes
  1816 | D:6      | Found a broken altar of Ashenzari.
  1853 | D:6      | Reached XP level 8. HP: 43/61 MP: 9/9
  1952 | D:6      | Found a sparkling altar of Nemelex Xobeh.
  1952 | D:6      | Found an opulent altar of Gozag.
  1960 | D:6      | Found a shimmering blue altar of Sif Muna.
  1962 | D:6      | Found an ancient bone altar of Kikubaaqudgha.
  1964 | D:6      | Found a faded altar of an unknown god.
  2044 | D:6      | Reached skill level 5 in Fighting
  2044 | D:6      | Reached skill level 5 in Armour
  2073 | D:6      | Reached ** piety under Okawaru
  2094 | D:6      | Found a snail-covered altar of Cheibriados.
  2222 | D:6      | Reached skill level 7 in Axes
  2371 | D:7      | Reached XP level 9. HP: 50/69 MP: 12/12
  2408 | D:7      | Reached skill level 8 in Axes
  2408 | D:7      | Reached skill level 5 in Invocations
  2412 | D:7      | Reached *** piety under Okawaru
  2412 | D:7      | HP: 1/69 [wyvern (11)]
  2414 | D:7      | Mangled by a wyvern

Illustrated notes

Levels and vault maps discovered:
D:1:      mrwooster_arrival_statue, layout_rooms, minmay_misc_feat_roman
D:2:      layout_loops_ring, minmay_misc_feat_ornament, minmay_misc_feat_alley,
          chequers_mini_garden
D:3:      layout_loops_ring
D:4:      layout_cave_pools
D:5:      layout_basic, minmay_temple_entry_junction, grunt_ministairs_14,
          uniq_ijyb
D:6:      layout_gridville, chequers_temple_overflow_minitemple,
          ashenzari_altar_1, mainiacjoe_overflow_concentric_impassable
D:7:      regret_index_malice_mire, layout_basic, kennysheep_mini, serial_shops,
          nicolae_square_shop, minmay_holes, lightli_corner_chamber
Temple:   eino_wide_crystal_templ

Skill      XL: |  1  2  3  4  5  6  7  8  9 |
---------------+----------------------------+-----
Axes           | 3 4 5 6 7 8 |  8.1
Shields        | 5 |  5.2
Fighting       | 4 5 6 |  6.2
Armour         | 4 5 6 |  6.3
Invocations    | 1 2 4 5 |  5.1

Action                     |  1- 3 |  4- 6 |  7- 9 || total
---------------------------+-------+-------+-------++-------
  Melee: War axe           |    56 |    19 |       ||    75
         Hand axe          |       |    59 |    65 ||   124
         Battleaxe         |       |       |    47 ||    47
 Invoke: Heroism           |       |       |     2 ||     2
Ability: Dig               |       |     1 |       ||     1
    Use: Scroll            |       |     9 |     2 ||    11
         Potion            |       |     1 |       ||     1
 Armour: Scale mail        |    51 |    14 |       ||    65
         Chain mail        |       |    33 |    88 ||   121
  Dodge: Dodged            |    28 |    26 |    36 ||    90
  Block: Buckler           |    11 |    23 |    45 ||    79

Table legend: (Time is in decaauts)
 A = Elapsed time spent in this place.
 B = Non-inter-level travel time spent in this place.
 C = Inter-level travel time spent in this place.
 D = Time resting spent in this place.
 E = Time spent auto-exploring this place.
 F = Levels seen in this place.
 G = Mean time per level.
                   A        B        C        D        E       F      G
               +--------+--------+--------+--------+--------+-----+--------+
         Total |   2458 |   2266 |    192 |      0 |   1585 |   8 |  307.2 |
       Dungeon |   2443 |   2264 |    179 |      0 |   1585 |   7 |  349.0 |
        Temple |     14 |      1 |     13 |      0 |      0 |   1 |   14.0 |
               +--------+--------+--------+--------+--------+-----+--------+

Top non-repeatable levels by time:
     D:6: 570 daAuts
     D:3: 397 daAuts
     D:2: 384 daAuts
     D:1: 351 daAuts
     D:5: 320 daAuts
     D:4: 318 daAuts
     D:7: 101 daAuts
  Temple: 14 daAuts
